 Dungeon Crawl Stone Soup version 0.20-a0-871-g785f14b (console) character file.

6330 nht the Thrower (level 10, -6/88 HPs)
             Began as an Ogre Assassin on Mar 14, 2017.
             Was a Follower of Ashenzari.
             Hit by a large rock thrown by a cyclops (42 damage)
             ... on level 9 of the Dungeon.
             The game lasted 00:20:53 (8580 turns).

nht the Thrower (Ogre Assassin)                     Turns: 8580, Time: 00:20:55

Health: -6/88      AC:  7    Str: 17    XL:     10   Next: 95%
Magic:  19/19      EV:  5    Int: 18    God:    Ashenzari [*.....]
Gold:   255        SH: 11    Dex: 10    Spells: 9/9 levels left

rFire    . . .     SeeInvis .   a - +2 dagger (elec) (curse)
rCold    . . .     Gourm    .   q - +1 robe {Archmagi} (curse)
rNeg     . . .     Faith    .   G - +0 large shield (curse)
rPois    .         Spirit   .   (helmet restricted)
rElec    .         Reflect  .   t - +2 cloak of Protective Custody {Int+3} (curse)
rCorr    .         Harm     .   (gloves unavailable)
MR       +....                  (boots unavailable)
Stlth    ++........             (no amulet)
Regen    0.3/turn               F - +1 ring of evasion (curse)
MPRegen  0.2/turn               C - ring of magical power (curse)

@: lethally poisoned (-6 -> -7)
A: unfitting armour, tough skin 1
a: Curse Item, Scrying, Renounce Religion


You were on level 9 of the Dungeon.
You worshipped Ashenzari.
Ashenzari was aware of your devotion.
You were not hungry.

You visited 2 branches of the dungeon, and saw 10 of its levels.
You also visited: Sewer.

You collected 434 gold pieces.
You spent 179 gold pieces at shops.

Inventory:

Hand Weapons
 a - a cursed +2 dagger of electrocution (weapon)
 b - a +0 blowgun
 h - a +1 dagger of speed
 s - a +2 short sword of electrocution
 E - the +7 dagger "Cukhlare" {pierce, rF+ rC+ Int-2}
   (You found it on level 8 of the Dungeon)

   It inflicts extra damage upon your enemies.
   It affects your intelligence (-2).
   It protects you from fire.
   It protects you from cold.
Missiles
 c - 4 tomahawks (quivered)
 e - 41 poisoned needles
 f - a curare-tipped needle
 l - 229 stones
 B - 4 javelins
Armour
 q - a cursed +1 robe of the Archmagi (worn)
 t - the cursed +2 cloak of Protective Custody (worn) {Int+3}
   (You found it on level 4 of the Dungeon)

   It affects your intelligence (+3).
   It has a curse placed upon it.
 u - a +0 troll leather armour
 G - a cursed +0 large shield (worn)
Magical Staves
 r - an uncursed staff of summoning
Jewellery
 C - a cursed ring of magical power (left hand)
 F - a cursed +1 ring of evasion (right hand)
Wands
 j - a wand of paralysis (14/24)
 w - a wand of polymorph (6/24)
 y - a wand of iceblast (5/15)
 H - a wand of flame (29/48)
Scrolls
 m - 7 scrolls of teleportation
 o - 2 scrolls of recharging
Potions
 n - 6 potions of curing
 p - a potion of mutation
 x - 2 potions of flight
 z - 2 potions of magic
 A - 2 potions of resistance
 D - a potion of lignification
Books
 v - the Papyrus of the Mutagenic Volcanoes
   (You found it on level 7 of the Dungeon)

   Spells                             Type                      Level
   a - Flame Tongue                   Conjuration/Fire             1
   b - Beastly Appendage              Transmutation                1
   c - Inner Flame                    Hexes/Fire                   3
   d - Ice Form                       Ice/Transmutation            4
   e - Petrify                        Transmutation/Earth          4
   f - Dragon Form                    Transmutation                7
Comestibles
 d - a royal jelly
 g - 8 bread rations
 i - 8 chunks of flesh
 k - 4 meat rations


   Skills:
 - Level 2.6 Fighting
 + Level 9.6 Short Blades
 + Level 10.7 Throwing
 - Level 0.8 Dodging
 - Level 2.9 Stealth
 + Level 0.3 Shields


You had 9 spell levels left.
You didn't know any spells.

Dungeon Overview and Level Annotations

Branches:
Dungeon (9/15)             Temple (1/1) D:7            Lair (0/6) D:9
    Orc: D:9-12

Altars:
Ashenzari
Cheibriados
Dithmenos
Elyvilon
Fedhas
Gozag
Hepliaklqana
Kikubaaqudgha
Makhleb
Nemelex Xobeh
Okawaru
Qazlal
Ru
Sif Muna
Trog
Uskayaw
Vehumet
Wu Jian
Xom
Yredelemnul
Zin
The Shining One

Shops:
D:5 !=!   D:6 (   D:9 *


Innate Abilities, Weirdness & Mutations

You are too large for most types of armour.
You have tough skin. (AC +1)


Message History

Press: ? - help, Shift-Dir - straight line, f - cyclops
Aim: a cyclops You throw a tomahawk.
The tomahawk hits the cyclops!
The cyclops is moderately wounded.
The cyclops throws a large rock.
The large rock hits you but does no damage.
Throwing (i - inventory. (,) - cycle):
c - 6 tomahawks (quivered)
Press: ? - help, Shift-Dir - straight line, f/p - cyclops
Aim: a cyclops (moderately wounded)
You throw a tomahawk.
The tomahawk hits the cyclops but does no damage.
The cyclops is moderately wounded.
You feel sick.
The cyclops throws a large rock.
The large rock hits you!!
Throwing (i - inventory. (,) - cycle):
c - 5 tomahawks (quivered)
Press: ? - help, Shift-Dir - straight line, f/p - cyclops
Aim: a cyclops (moderately wounded)
You throw a tomahawk. The tomahawk hits the cyclops.
The cyclops is moderately wounded.
The cyclops throws a large rock.
The large rock hits you!!!
You die...

█.. ..... ██.██
...C. ███...██...█
....)...[.█
█....█..█ █.█.(..█
███.███..(█
.........██ █.█
███.████@█ █.█
█†██████ █.█
█......████████.█
██████'██........█.█
█....'∩'..██████.█.█
█.████'██.█ █.█.█
█.██.█ █.█.██ █.██.█
█....█ ... ......
█>.█..


You could see a cyclops.

Vanquished Creatures
  A two-headed ogre (D:9)
  Pikel (D:5)
  An oklob plant (D:8)
  A troll (D:9)
  Grinder (D:4)
  A spriggan (D:8)
  4 yaks (D:9)
  A water moccasin (D:7)
  3 orc warriors
  Purgy (Sewer)
  3 sky beasts
  Duvessa (D:7)
  An eye of draining (D:9)
  4 ice beasts
  3 wolves (D:9)
  3 ogres
  2 centaurs
  2 crocodiles (D:9)
  3 bullfrogs
  A wyvern skeleton (D:9)
  Dowan (D:7)
  2 scorpions
  A killer bee (D:9)
  2 howler monkeys
  4 crimson imps
  A bullfrog zombie (D:9)
  A centaur zombie (D:5)
  A jelly (D:5)
  5 hounds
  A bullfrog skeleton (D:9)
  An orc priest (D:7)
  2 orc wizards (D:7)
  2 iguanas (D:9)
  Jessica (D:3)
  7 worker ants
  12 adders
  6 gnolls
  A river rat (D:9)
  3 shadow imps
  4 oozes
  An adder zombie (D:7)
  3 worms
  4 leopard geckos
  9 orcs
  A ball python (D:3)
  13 bats
  6 giant cockroaches
  12 goblins
  7 hobgoblins
  4 jackals
  5 kobolds
  4 quokkas
  3 frilled lizards
  A quokka skeleton (D:7)
  8 rats
177 creatures vanquished.

Vanquished Creatures (others)
  An orc wizard (D:5)
  2 adders
  An orc (D:6)
  4 jackals (D:6)
8 creatures vanquished.

Grand Total: 185 creatures vanquished

Notes
Turn   | Place    | Note
-------+----------+-------------------------------------------
     0 | D:1      | nht the Ogre Assassin began the quest for the Orb.
     0 | D:1      | Reached XP level 1. HP: 22/22 MP: 1/1
    78 | D:1      | Reached XP level 2. HP: 22/29 MP: 2/2
   261 | D:1      | Reached skill level 3 in Throwing
   380 | D:1      | Reached XP level 3. HP: 18/36 MP: 3/3
  1068 | D:2      | Reached skill level 4 in Throwing
  1075 | D:2      | Reached XP level 4. HP: 44/44 MP: 4/4
  1729 | D:3      | Reached skill level 5 in Throwing
  1729 | D:3      | Reached XP level 5. HP: 32/50 MP: 5/5
  1780 | D:3      | Found a glowing drain.
  1823 | Sewer    | Entered a sewer
  1850 | Sewer    | Noticed Purgy
  1863 | Sewer    | Killed Purgy
  1863 | Sewer    | Reached skill level 6 in Throwing
  1863 | Sewer    | Reached XP level 6. HP: 12/59 MP: 6/6
  2201 | D:3      | Noticed Jessica
  2222 | D:3      | Killed Jessica
  2251 | D:3      | Found a deep blue altar of Sif Muna.
  2334 | D:3      | Noticed a sky beast
  2355 | D:3      | Killed a sky beast
  2405 | D:3      | Reached skill level 7 in Throwing
  2824 | D:4      | Noticed Grinder
  2847 | D:4      | Killed Grinder
  2847 | D:4      | Reached skill level 8 in Throwing
  2847 | D:4      | Reached XP level 7. HP: 49/66 MP: 7/7
  3069 | D:4      | Found a white marble altar of Elyvilon.
  3069 | D:4      | Found a shadowy altar of Dithmenos.
  3112 | D:4      | Got an encrusted cloak
  3123 | D:4      | Identified the +2 cloak of Protective Custody {Int+3} (You found it on level 4 of the Dungeon)
  3466 | D:5      | Entered Level 5 of the Dungeon
  3471 | D:5      | Noticed Pikel
  3507 | D:5      | Found Peollepn's Distillery.
  3513 | D:5      | Bought a potion of heal wounds for 55 gold pieces
  3513 | D:5      | Bought a potion of mutation for 88 gold pieces
  3551 | D:5      | Paralysed by Pikel for 3 turns
  3558 | D:5      | Killed Pikel
  3558 | D:5      | Reached skill level 5 in Short Blades
  3558 | D:5      | Reached XP level 8. HP: 47/74 MP: 8/8
  3584 | D:5      | Got a thick robe
  3595 | D:5      | Identified the +0 robe "Kus Ets" {Int+3} (You found it on level 5 of the Dungeon)
  3632 | D:5      | Found Uterywn's Distillery.
  3986 | D:5      | Found a radiant altar of Vehumet.
  4290 | D:5      | Found Baihixoo's Jewellery Shoppe.
  4412 | D:6      | Found Azeajeh's Weapon Shoppe.
  4507 | D:6      | Reached XP level 9. HP: 80/80 MP: 9/9
  4913 | D:7      | Found a snail-covered altar of Cheibriados.
  4969 | D:7      | Found a staircase to the Ecumenical Temple.
  4983 | Temple   | Entered the Ecumenical Temple
  5085 | Temple   | Became a worshipper of Ashenzari the Shackled
  5676 | D:7      | Noticed Duvessa
  5682 | D:7      | Noticed Dowan
  5694 | D:7      | Killed Duvessa
  5709 | D:7      | Killed Dowan
  5725 | D:7      | whoops
  5782 | D:7      | Identified the Papyrus of the Mutagenic Volcanoes
  6809 | D:8      | Found a hide-covered altar of Uskayaw.
  6810 | D:8      | Noticed an oklob plant
  7034 | D:8      | Reached * piety under Ashenzari
  7153 | D:8      | Reached skill level 9 in Throwing
  7153 | D:8      | Reached XP level 10. HP: 88/88 MP: 10/10
  7308 | D:8      | Identified the +7 dagger "Cukhlare" {pierce, rF+ rC+ Int-2}
  7400 | D:8      | Killed an oklob plant
  7493 | D:9      | Identified the cursed +1 falchion of Famine {slice, Int+2}
  7992 | D:9      | Found a staircase to the Lair.
  8205 | D:9      | Noticed a two-headed ogre
  8208 | D:9      | Reached skill level 10 in Throwing
  8216 | D:9      | Killed a two-headed ogre
  8538 | D:9      | Found Optuoh's General Store.
  8561 | D:9      | Bought a scroll of remove curse for 36 gold pieces
  8575 | D:9      | Noticed a cyclops
  8580 | D:9      | Hit by a large rock thrown by a cyclops

Vault maps used:
D:1:      tarquinn_simple_flora_water_f
D:2:      serial_corexii_hall, corexii_hall_statues_l, corexii_hall_statues_l,
          minivault_14
D:3:      portal_sewer_entry_a, tgw_sif, uniq_jessica
D:4:      chequers_temple_overflow_statue_of_worship, first_bread,
          kennysheep_doodads, uniq_grinder
D:5:      marbit_many_paths, serial_shops, shop, shop, shop, uniq_pikel
D:6:      serial_shops, shop
D:7:      cheibrodos_worm_habitat, minmay_temple_entry_overgrown, uniq_duvessa
D:8:      the_bakery, lemuel_oklob_altar
D:9:      erik_lair_island, serial_shops, kennysheep_mini
Temple:   compressed_dpeg_circular_temple
Sewer:    sewer_big_baddie

Skill      XL: |  1  2  3  4  5  6  7  8  9 10 |
---------------+-------------------------------+-----
Throwing       | 3 4 5 6 8 9 10 | 10.7
Short Blades   | 5 6 8 9 |  9.6
Fighting       | |  2.6
Dodging        | |  0.8
Stealth        | |  2.9
Shields        | |  0.3

Action                   |  1- 3 |  4- 6 |  7- 9 | 10-12 || total
-------------------------+-------+-------+-------+-------++-------
Melee: Dagger            |   105 |    98 |    87 |   214 ||   504
       Short sword       |       |     9 |   199 |       ||   208
 Fire: Blowgun           |       |    11 |       |       ||    11
Throw: Stone             |       |     3 |   152 |     9 ||   164
       Tomahawk          |       |       |       |     3 ||     3
Invok: Curse Item        |       |       |     1 |     5 ||     6
Evoke: Wand              |       |       |       |    12 ||    12
  Use: Scroll            |       |     5 |    14 |       ||    19
       Potion            |       |     5 |     4 |       ||     9
 Stab: Sleeping          |     4 |     6 |     5 |       ||    15
       Paralysed         |       |       |       |     5 ||     5
  Eat: Chunk             |     1 |     5 |    14 |     4 ||    24
Armor: Robe              |    39 |    33 |    90 |    48 ||   210
       Skin              |       |       |     5 |       ||     5
Dodge: Dodged            |    45 |    38 |    90 |    64 ||   237
Block: Large shield      |       |       |       |     4 ||     4
